 Dungeon Crawl Stone Soup version 0.24.0-123-gd5b16e6ec5 (webtiles) character file.

Game seed: 2810120866462619518, levelgen mode: deterministic

37822 Goreval the Covert (level 13, -5/90 HPs)
             Began as an Octopode Venom Mage on Dec 16, 2019.
             Was an Elder of Sif Muna.
             Slain by a five-headed hydra (15 damage)
             ... on level 6 of the Lair of Beasts.
             The game lasted 01:30:14 (24039 turns).

Goreval the Covert (Octopode Venom Mage)           Turns: 24039, Time: 01:30:15

Health: -5/90      AC:  3    Str: 11    XL:     13   Next: 99%
Magic:  22/34      EV: 17    Int: 27    God:    Sif Muna [****..]
Gold:   1435       SH:  0    Dex: 12    Spells: 4/28 levels left

rFire    + . .     SeeInvis +   A - +7 hand axe of Foolhardiness {freeze, rPois Str+3}
rCold    . . .     Gourm    .   (no shield)
rNeg     . . .     Faith    .   (helmet restricted)
rPois    +         Spirit   .   q - amulet of regeneration
rElec    .         Reflect  .   i - ring of protection from fire
rCorr    .         Harm     .   c - ring of magical power
MR       +....                  n - ring of protection from magic
Stlth    ++++++....             D - ring of see invisible
HPRegen  0.65/turn              f - +5 ring of intelligence
MPRegen  0.24/turn              (no ring)
                                (no ring)
                                (no ring)

@: lethally poisoned (-5 -> -6)
A: almost no armour, stealthy swim, amphibious, 8 rings, constrict 8, molten
scales 1, camouflage 1, gelatinous body 1
a: Channel Magic, Forget Spell, Divine Exegesis, Renounce Religion


You were on level 6 of the Lair of Beasts.
You worshipped Sif Muna.
Sif Muna was greatly pleased with you.
You were not hungry.

You visited 2 branches of the dungeon, and saw 17 of its levels.
You also visited: Bailey.

You collected 1435 gold pieces.

Inventory:

Hand Weapons
 a - a +5 dagger of electrocution
 A - the +7 hand axe of Foolhardiness (weapon) {freeze, rPois Str+3}
   (You found it on level 7 of the Dungeon)

   It has been specially enchanted to freeze those struck by it, causing extra
   injury to most foes and up to half again as much damage against particularly
   susceptible opponents.
   It can also slow down cold-blooded creatures.
   It affects your strength (+3).
   It protects you from poison.
 R - a +4 scimitar of flaming
Missiles
 E - 3 throwing nets (quivered)
 G - 3 boomerangs of dispersal
Magical Staves
 b - an uncursed staff of wizardry
 p - an uncursed staff of energy
Jewellery
 c - a ring of magical power (right tentacle)
 f - a +5 ring of intelligence (on tentacle)
 i - a ring of protection from fire (left tentacle)
 n - a ring of protection from magic (on tentacle)
 q - an amulet of regeneration (around mantle)
 B - an uncursed amulet of faith
 D - a ring of see invisible (on tentacle)
 Q - an uncursed amulet of the gourmand
Wands
 r - a wand of polymorph (11)
 s - a wand of paralysis (13)
 v - a wand of disintegration (15)
 x - a wand of flame (25)
 T - a wand of iceblast (11)
Scrolls
 g - 13 scrolls of remove curse
 j - 5 scrolls of enchant armour
 k - a scroll of fog {unknown}
 l - 6 scrolls of amnesia
 o - 6 scrolls of magic mapping
 u - 6 scrolls of teleportation
 J - a scroll of noise
 K - a scroll of fear {unknown}
 M - 2 scrolls of immolation
 O - 4 scrolls of blinking
 P - a scroll of vulnerability {unknown}
 S - 2 scrolls of holy word {unknown}
 W - 3 scrolls of identify
Potions
 d - 2 potions of invisibility
 e - 4 potions of heal wounds
 h - 3 potions of lignification
 m - 2 potions of flight {unknown}
 t - a potion of berserk rage {unknown}
 w - 2 potions of might
 z - 2 potions of mutation
 C - a potion of magic {unknown}
 F - 6 potions of curing
 H - a potion of cancellation {unknown}
 I - a potion of resistance {unknown}
 L - 2 potions of agility
 U - a potion of haste {unknown}
 X - a potion of brilliance {unknown}
Comestibles
 y - 32 rations


   Skills:
 + Level 9.3 Fighting
 + Level 7.4 Dodging
 - Level 12.0 Stealth
 + Level 8.2 Spellcasting
 + Level 9.9 Conjurations
 + Level 7.6 Summonings
 - Level 2.0 Translocations
 - Level 3.0 Ice Magic
 - Level 2.0 Air Magic
 - Level 10.0 Poison Magic
 + Level 8.4 Invocations


You had 4 spell levels left.
You knew the following spells:

 Your Spells              Type           Power        Failure   Level  Hunger
a - Poisonous Vapours     Pois/Air       #####.       1%          2    None
b - Venom Bolt            Conj/Pois      ######....   2%          5    ####...
c - Olgreb's Toxic Radia  Pois           ######..     1%          4    ##.....
d - Throw Icicle          Conj/Ice       #####...     3%          4    ##.....
f - Mephitic Cloud        Conj/Pois/Air  ######..     1%          3    None
n - Blink                 Tloc           N/A          3%          2    None
z - Summon Ice Beast      Ice/Summ       #####...     6%          4    ##.....

Your spell library contained the following spells:

 Spells                   Type           Power        Failure   Level  Hunger
 Freeze                   Ice            ####         1%          1    None
 Magic Dart               Conj           ####         1%          1    None
 Sting                    Conj/Pois      ####         1%          1    None
 Call Imp                 Summ           ######..     1%          2    None
 Searing Ray              Conj           ######       1%          2    None
 Throw Frost              Conj/Ice       #####.       1%          2    None
 Conjure Flame            Conj/Fire      #####...     1%          3    None
 Beastly Appendage        Tmut           ##....       5%          1    None
 Corpse Rot               Necr           N/A          8%          2    None
 Slow                     Hex            ##......     8%          2    None
 Sublimation of Blood     Necr           ##........   8%          2    None
 Ozocubu's Armour         Chrm/Ice       ###.....     9%          3    None
 Ice Form                 Ice/Tmut       ###.....     28%         4    ##.....
 Bolt of Draining         Conj/Necr      #####.....   19%         5    ####...
 Fireball                 Conj/Fire      #####.....   19%         5    ####...
 Spellforged Servitor     Conj/Summ      ######....   75%         7    #######
 Agony                    Necr           ##......     82%         5    ####...
 Dispel Undead            Necr           ##......     82%         5    ####...
 Excruciating Wounds      Chrm/Necr      ##........   82%         5    ####...
 Yara's Violent Unravell  Hex/Tmut       ##........   82%         5    ####...
 Malign Gateway           Summ/Tloc      #####.....   99%         7    #######


Dungeon Overview and Level Annotations

Branches:
Dungeon (11/15)            Temple (0/1) D:7            Lair (6/6) D:9
 Shoals (0/4) Lair:3       Spider (0/4) Lair:4          Orc (0/2) D:9
 Bailey (visited)
  Slime: Lair:5-6

Altars:
Cheibriados
Dithmenos
Gozag
Makhleb
Okawaru
Qazlal
Ru
Sif Muna
Wu Jian
Xom
Zin
The Shining One

Annotations:
Lair:1 3 runed translucent doors, Keadol's ghost, journeyman DrCj


Innate Abilities, Weirdness & Mutations

You cannot wear most types of armour.
You are very stealthy in the water. (Stealth+)
You are amphibious.
You can wear up to eight rings at the same time.
You can use your tentacles to constrict eight enemies at once.
Your skin changes colour to match your surroundings (Stealth+).
Your rubbery body absorbs attacks. (AC +1, EV +1)
You are partially covered in molten scales. (AC +2)


Message History

The shard of ice hits the black mamba!!
You kill the black mamba!
Sif Muna accepts your kill.
The yak bellows!
You feel sick.
You feel sick.
A yak comes into view.
You feel sick.
You feel sick.
You feel less invigorated.
You feel sick.
You feel sick.
You feel sick. The five-headed hydra bites you.
* * * LOW HITPOINT WARNING * * *
The five-headed hydra bites you.
* * * LOW HITPOINT WARNING * * *
The five-headed hydra barely misses you.
The five-headed hydra bites you!
* * * LOW HITPOINT WARNING * * *
The five-headed hydra bites you!
You die...

.. ## .... # ####.
##.....
#.#..P.######.......
......P.#.#..........
.....................
..<.....@D............
..#....##.......#...
#....# ###.....#.#
##P..########....####
#.........P..(......#
.......<..............
.................|.t..
#...#.....P....P.#.#.#
#.......YP#.#.P..# .#.


You could see a five-headed hydra.

Vanquished Creatures
  Snorg (D:10)
  2 hydras (Lair:5)
  Erica (Lair:2)
  An orc knight (Bailey)
  3 black mambas
  20 elephants
  5 spiny frogs
  Joseph (Lair:1)
  Psyche (D:10)
  2 rime drakes
  6 komodo dragons
  2 queen bees
  2 jumping spiders (Lair:4)
  A troll (D:10)
  12 dream sheep
  6 blink frogs (Lair:2)
  3 hippogriffs
  2 redbacks (Lair:4)
  A vampire (D:9)
  15 yaks
  A wyvern (Lair:3)
  3 basilisks
  Grum (D:10)
  Edmund (D:5)
  2 wargs (D:9)
  6 water moccasins
  2 ice beasts
  6 porcupines
  12 orc warriors
  3 sky beasts
  2 black bears
  2 phantoms
  A necrophage (D:9)
  15 wolves
  4 ogres
  7 centaurs
  6 crocodiles
  10 big kobolds
  Blork the orc (D:5)
  9 bullfrogs
  A wyvern skeleton (D:7)
  6 scorpions
  30 killer bees
  The ghost of Burana the Charmwright, a weakling MfSk (D:3)
  16 wights
  2 howler monkeys (D:9)
  2 electric eels
  2 crimson imps
  2 quasits
  8 orc priests
  A centaur skeleton (D:5)
  7 hounds
  6 jellies
  2 iguanas
  Ijyb (D:3)
  4 worker ants
  4 orc wizards
  Terence (D:3)
  2 killer bee zombies
  A hound skeleton (D:7)
  A hound zombie (D:9)
  Robin (D:2)
  6 gnolls
  6 adders
  4 shadow imps
  2 white imps (Lair:6)
  6 oozes
  An adder zombie (D:9)
  3 worms
  A dart slug (D:2)
  5 leopard geckos
  30 orcs
  2 giant cockroaches (D:5)
  18 goblins
  9 hobgoblins
  8 jackals
  3 quokkas
  3 ball pythons
  7 bats
  2 frilled lizards
  A jackal skeleton (D:8)
  25 kobolds
  4 rats
428 creatures vanquished.

Vanquished Creatures (collateral kills)
  3 hydras
  Urug (Lair:3)
  The ghost of iamserjio the Fighter, a novice OpCK of Xom (D:7)
  The ghost of trianova the Destroyer, a novice OpWz of Sif Muna (D:7)
  2 black mambas
  2 spiny frogs
  A wyvern (Lair:4)
  A wraith (D:10)
  5 water moccasins
  A porcupine (Lair:5)
  A crocodile (Lair:6)
  A wyvern skeleton (D:10)
20 creatures vanquished.

Vanquished Creatures (others)
  A goblin (D:1)
  14 fungi
  19 plants
34 creatures vanquished.

Grand Total: 482 creatures vanquished

Notes
Turn   | Place    | Note
-------+----------+-------------------------------------------
     0 | D:1      | Goreval the Octopode Venom Mage began the quest for the
                  | Orb.
     0 | D:1      | Reached XP level 1. HP: 11/11 MP: 3/3
   460 | D:1      | Reached XP level 2. HP: 17/17 MP: 3/5
   761 | D:2      | Reached skill level 3 in Stealth
   791 | D:2      | Learned a level 2 spell: Poisonous Vapours
   908 | D:2      | Found a shimmering blue altar of Sif Muna.
   996 | D:2      | Became a worshipper of Sif Muna the Loreminder
  1291 | D:2      | Reached XP level 3. HP: 21/21 MP: 6/6
  1385 | D:2      | Noticed Robin
  1397 | D:2      | Killed Robin
  1430 | D:2      | Reached XP level 4. HP: 13/27 MP: 2/7
  1550 | D:2      | Reached * piety under Sif Muna
  1550 | D:2      | Reached skill level 1 in Air Magic
  1688 | D:2      | Learned a level 4 spell: Olgreb's Toxic Radiance
  1853 | D:3      | Found a shimmering altar of Xom.
  1862 | D:3      | Noticed Ijyb
  1877 | D:3      | Killed Ijyb
  2268 | D:3      | Reached XP level 5. HP: 31/31 MP: 8/8
  2340 | D:3      | Reached skill level 5 in Poison Magic
  2349 | D:3      | Reached skill level 4 in Stealth
  2489 | D:3      | Reached XP level 6. HP: 36/36 MP: 10/10
  2805 | D:3      | Reached ** piety under Sif Muna
  2857 | D:3      | Noticed Terence
  2861 | D:3      | Killed Terence
  2891 | D:3      | Found a runed translucent gate.
  2891 | D:3      | Found a runed translucent gate.
  2892 | D:3      | Found a runed translucent gate.
  2893 | D:3      | Noticed Burana's ghost (weakling MfSk)
  3062 | D:4      | Learned a level 2 spell: Blink
  3514 | D:4      | Found an opulent altar of Gozag.
  3595 | D:4      | Learned a level 3 spell: Mephitic Cloud
  3636 | D:4      | Reached skill level 5 in Stealth
  4264 | D:5      | Entered Level 5 of the Dungeon
  4340 | D:5      | Reached skill level 1 in Invocations
  4340 | D:5      | Reached XP level 7. HP: 29/41 MP: 12/12
  4610 | D:5      | Reached skill level 1 in Fighting
  4670 | D:5      | Noticed Edmund
  4716 | D:5      | Killed Edmund
  5103 | D:5      | Noticed Blork the orc
  5104 | D:5      | Reached skill level 6 in Stealth
  5104 | D:5      | Reached XP level 8. HP: 48/48 MP: 13/13
  5116 | D:5      | Killed Blork the orc
  5116 | D:5      | Reached skill level 1 in Translocations
  5663 | D:5      | Found a sacrificial altar of Ru.
  5726 | D:5      | Found an ornate altar of the Wu Jian Council.
  5794 | D:6      | Found a shadowy altar of Dithmenos.
  6159 | D:6      | Found a stormy altar of Qazlal.
  6806 | D:7      | Found a burning altar of Makhleb.
  6809 | D:7      | Noticed a green death
  6810 | D:7      | Found a glowing silver altar of Zin.
  6811 | D:7      | Noticed an angel
  6906 | D:7      | Reached skill level 7 in Stealth
  6994 | D:7      | Found a transporter.
  7010 | D:7      | Noticed a queen bee
  7016 | D:7      | Found an iron altar of Okawaru.
  7026 | D:7      | Got a fine hand axe
  7064 | D:7      | Identified the +7 hand axe of Foolhardiness {freeze, rPois
                  | Str+3} (You found it on level 7 of the Dungeon)
  7100 | D:7      | Reached XP level 9. HP: 47/55 MP: 15/15
  7254 | D:7      | Noticed trianova's ghost (novice OpWz)
  7286 | D:7      | Found a staircase to the Ecumenical Temple.
  7380 | D:7      | Found a snail-covered altar of Cheibriados.
  7719 | D:7      | Found a glowing golden altar of the Shining One.
  7824 | D:8      | Got a warped halberd
  7825 | D:8      | Identified the cursed +2 halberd of Tortfeasance {elec,
                  | rPois rC+ Int-5 Stlth+} (You found it on level 8 of the
                  | Dungeon)
  7979 | D:8      | Found a flagged portal.
  7990 | Bailey   | Entered a bailey
  8034 | Bailey   | Reached *** piety under Sif Muna
  8044 | Bailey   | Learned a level 5 spell: Venom Bolt
  8241 | Bailey   | Found an iron altar of Okawaru.
  8241 | Bailey   | Noticed an orc knight
  8251 | Bailey   | Reached skill level 5 in Spellcasting
  8267 | Bailey   | Killed an orc knight
  8458 | D:8      | Found a runed translucent gate.
  8459 | D:8      | Found a runed translucent gate.
  8460 | D:8      | Found a runed translucent gate.
  8460 | D:8      | Noticed iamserjio's ghost (novice OpCK)
  8578 | D:8      | Reached skill level 10 in Poison Magic
  8586 | D:8      | Reached skill level 5 in Invocations
  8588 | D:8      | Reached XP level 10. HP: 58/65 MP: 14/18
  9299 | D:9      | Found a stormy altar of Qazlal.
  9384 | D:9      | Reached skill level 5 in Conjurations
  9668 | D:9      | Reached skill level 5 in Fighting
  9788 | D:9      | Reached **** piety under Sif Muna
 10372 | D:9      | Found a staircase to the Orcish Mines.
 10941 | D:9      | Got an ebony morningstar
 10943 | D:9      | Identified the +4 morningstar of Responsibility {crush,
                  | *Contam +Fly rF+ rC+} (You found it on level 9 of the
                  | Dungeon)
 11002 | D:9      | Reached skill level 8 in Stealth
 11035 | D:9      | Gained mutation: You are partially covered in molten
                  | scales. (AC +2) [mutagenic glow]
 11082 | D:9      | Found a staircase to the Lair.
 11240 | D:10     | Entered Level 10 of the Dungeon
 11270 | D:10     | Reached XP level 11. HP: 10/71 MP: 20/20
 11578 | D:10     | Reached ***** piety under Sif Muna
 11742 | D:10     | Identified Sif Muna's Grimoire of Unstable Companions (Sif
                  | Muna gifted it to you on level 10 of the Dungeon)
 11742 | D:10     | Received a gift from Sif Muna
 11749 | D:10     | Learned a level 2 spell: Call Imp
 11813 | D:10     | Reached skill level 9 in Stealth
 12030 | D:10     | Noticed Psyche
 12036 | D:10     | Killed Psyche
 12226 | D:10     | Noticed Grum
 12248 | D:10     | Killed Grum
 12759 | D:10     | Noticed Snorg
 12838 | D:10     | Killed Snorg
 12838 | D:10     | Reached skill level 5 in Dodging
 13086 | D:11     | Noticed a cyclops
 13088 | D:11     | Noticed a cyclops
 13243 | D:10     | Reached skill level 10 in Stealth
 13412 | Lair:1   | Entered Level 1 of the Lair of Beasts
 13476 | Lair:1   | Noticed Joseph
 13498 | Lair:1   | Killed Joseph
 13603 | Lair:1   | Found a runed translucent gate.
 13603 | Lair:1   | Found a runed translucent gate.
 13603 | Lair:1   | Found a runed translucent gate.
 13613 | Lair:1   | Noticed Keadol's ghost (journeyman DrCj)
 14224 | Lair:1   | Learned a level 4 spell: Summon Ice Beast
 14283 | Lair:1   | Reached skill level 11 in Stealth
 14813 | Lair:2   | Reached skill level 1 in Summonings
 14860 | Lair:2   | Noticed Erica
 14866 | Lair:2   | Reached skill level 1 in Ice Magic
 14866 | Lair:2   | Reached XP level 12. HP: 76/83 MP: 18/21
 14868 | Lair:2   | Killed Erica
 14889 | Lair:2   | HP: 4/84 [black mamba (17)]
 15517 | Lair:2   | Identified Lecinnem's Almanac of Battle Magic (Sif Muna
                  | gifted it to you on level 2 of the Lair of Beasts)
 15517 | Lair:2   | Received a gift from Sif Muna
 16797 | Lair:3   | Noticed an eight-headed hydra
 16810 | Lair:3   | Killed an eight-headed hydra
 17023 | Lair:3   | Noticed Urug
 17331 | D:7      | Found a transporter.
 17538 | D:3      | Killed Burana's ghost
 17725 | D:7      | Killed iamserjio's ghost
 18092 | D:7      | Killed trianova's ghost
 18092 | D:7      | Reached skill level 5 in Summonings
 18459 | Lair:3   | Found a staircase to the Shoals.
 18471 | Lair:3   | Reached skill level 12 in Stealth
 19353 | Lair:3   | Killed Urug
 19644 | Lair:3   | Learned a level 4 spell: Throw Icicle
 20456 | Lair:4   | Reached XP level 13. HP: 90/90 MP: 19/23
 20757 | Lair:4   | Found a hole to the Spider Nest.
 23034 | Lair:6   | Entered Level 6 of the Lair of Beasts
 23997 | Lair:6   | Noticed an ice dragon
 24039 | Lair:6   | Slain by a five-headed hydra

Levels and vault maps discovered:
D:1:      dpeg_arrival_solitude, layout_basic, serial_park_tiny_1,
          lemuel_old_faithful
D:2:      layout_rooms, old_standard_altar, uniq_robin
D:3:      kennysheep_big_flooded_room, layout_basic, xom_butterflies,
          gammafunk_ghost_nasty_kobolds, first_ration, uniq_terence, uniq_ijyb
D:4:      layout_basic, nicolae_gozag_cash_rules_everything_around_me
D:5:      layout_basic, lemuel_coloured_pillars_altar,
          nicolae_ru_sacrificial_ziggurat, uniq_blork_the_orc, uniq_edmund
D:6:      layout_basic, nicolae_dithmenos_shadow_blocks, lemuel_statue_altar
D:7:      layout_basic, grunt_temple_overflow_order_and_chaos_2,
          okawaru_ov_weapons_minmay, overflow_temple_1_default,
          lemuel_crystal_altar, minmay_temple_entry_hall, gammafunk_ghost_hive
D:8:      layout_cave_pools, gammafunk_ghost_nasty_kobolds, enter_bailey_6
D:9:      layout_basic, kennysheep_mini, david_lair_shrubbed, david_orc_1_choice
D:10:     layout_loops_ring, hangedman_little_slice_of_home,
          kennysheep_generic_room_11, uniq_grum, uniq_snorg, uniq_psyche
D:11:     hangedman_cross_cluster, layout_irregular_city
Lair:1:   layout_roguey [special_room_bee], ebering_ghost_rock_garden,
          serial_bayou_shore_a, uniq_joseph
Lair:2:   beast_lair_carwin_large_4, layout_hall_layers, serial_bayou_pond_c,
          st_stairs_5, uniq_erica
Lair:3:   layout_regular_city, minmay_shoals_entry_centaurs, grunt_megastairs_3,
          uniq_urug
Lair:4:   layout_cave_pods, spider_nest_entry_funnel_web
Lair:5:   layout_misc_corridors, grunt_megastairs_4, serial_bayou_shore_b,
          lemuel_fruit_fields, infiniplex_staircase_pool, serial_bayou_shore_b
Lair:6:   guppyfry_lair_end_dragon, layout_small_grid, hangedman_lair_in_review,
          slime_altar_1, chequers_serial_rivers_room_b, bobbens_ice_dragon_lair

Skill      XL: |  1  2  3  4  5  6  7  8  9 10 11 12 13 |
---------------+----------------------------------------+-----
Stealth        | 3 4 5 6 7 8 11 12 | 12.0
Poison Magic   | 4 5 6 7 8 10 | 10.0
Air Magic      | 1 2 |  2.0
Conjurations   | 2 4 6 7 9 |  9.9
Spellcasting   | 3 4 5 6 7 8 |  8.2
Invocations    | 1 2 3 5 6 8 |  8.4
Fighting       | 1 2 4 6 8 9 |  9.3
Translocations | 2 |  2.0
Dodging        | 3 6 7 |  7.4
Summonings     | 1 5 7 |  7.6
Ice Magic      | 1 3 |  3.0

Action                   |  1- 3 |  4- 6 |  7- 9 | 10-12 | 13-15 || total
-------------------------+-------+-------+-------+-------+-------++-------
Melee: Unarmed           |     5 |       |       |       |       ||     5
       Constrict         |     6 |    13 |     8 |    52 |     1 ||    80
       Dagger            |    22 |    52 |    70 |   290 |       ||   434
       Tentacles         |     2 |     3 |     8 |    27 |     2 ||    42
       Staff             |       |       |     1 |     5 |     4 ||    10
       Morningstar       |       |       |       |    12 |       ||    12
       Hand axe          |       |       |       |    36 |     7 ||    43
       Scimitar          |       |       |       |     1 |       ||     1
Throw: Stone             |       |     2 |     2 |    48 |       ||    52
 Cast: Sting             |    13 |       |       |       |       ||    13
       Poisonous Vapours |    16 |    65 |    94 |   313 |    71 ||   559
       Olgreb's Toxic Ra |       |       |     9 |    31 |    31 ||    71
       Mephitic Cloud    |       |       |     9 |     8 |       ||    17
       Blink             |       |       |     5 |     6 |     5 ||    16
       Venom Bolt        |       |       |     3 |    43 |     4 ||    50
       Call Imp          |       |       |       |     5 |       ||     5
       Summon Ice Beast  |       |       |       |    39 |    18 ||    57
       Throw Icicle      |       |       |       |    13 |    40 ||    53
Invok: Channel Magic     |       |       |       |     2 |     2 ||     4
  Use: Scroll            |       |     2 |     9 |    10 |     4 ||    25
       Potion            |       |       |     1 |     2 |       ||     3
 Stab: Sleeping          |     6 |     3 |     5 |     3 |       ||    17
       Confused          |       |       |       |     1 |       ||     1
       Distracted        |       |       |       |     1 |       ||     1
  Eat: Chunk             |     2 |    12 |    14 |    33 |    10 ||    71
       Ration            |       |       |     1 |     8 |     2 ||    11
Armor: Skin              |     1 |     6 |     3 |    34 |    16 ||    60
Dodge: Dodged            |    17 |    36 |    71 |   334 |    74 ||   532
